 Dungeon Crawl Stone Soup version 0.29.1-1-gd02db6906a (webtiles) character file.

Game seed: 11770729832010480012

17841 Kahsius the Warrior (level 12, -2/130 HPs)
             Began as a Hill Orc Monk on Sept 23, 2022.
             Was a High Priest of Beogh.
             Slain by a 15-headed hydra (3 damage)
             ... on level 2 of the Lair of Beasts.
             The game lasted 00:33:33 (12128 turns).

Kahsius the Warrior (Hill Orc Monk)                Turns: 12128, Time: 00:33:35

Health: -2/130     AC: 21    Str: 23    XL:     12   Next: 52%
Magic:  21/21      EV:  6    Int: 10    God:    Beogh [*****.]
Gold:   706        SH:  3    Dex: 15    Spells: 11/11 levels left

rFire   . . .      SeeInvis .   a - +0 hand axe
rCold   + . .      Faith    .   g - +0 buckler
rNeg    + . .      Spirit   .   h - +9 plate armour of the Shore {rN+}
rPois   +          Reflect  .   (no helmet)
rElec   .          Harm     .   (no cloak)
rCorr   .          Rampage  .   F - +0 pair of gloves
Will    .....                   S - +0 pair of boots
Stlth   ..........              D - amulet of regeneration
HPRegen 1.11/turn               o - ring "Itudi" {rPois rC+ MP+9}
MPRegen 0.17/turn               w - +6 ring of strength

@: no status effects
A: walk on water
a: Renounce Religion, Smiting, Recall Orcish Followers, Give Item to Named
Follower


You were on level 2 of the Lair of Beasts.
You worshipped Beogh.
Beogh was extremely pleased with you.
You visited 2 branches of the dungeon, and saw 12 of its levels.
You also visited: Sewer.

You collected 706 gold pieces.

Inventory:

Hand Weapons
 a - a +0 hand axe (weapon)
 B - a +1 scimitar of flaming
Missiles
 f - 10 curare-tipped darts (quivered)
 C - 5 throwing nets
Armour
 g - a +0 buckler (worn)
 h - the +9 plate armour of the Shore (worn) {rN+}
   (You found it on level 2 of the Dungeon)

   rN:        It protects you from negative energy.
 F - a +0 pair of gloves (worn)
 S - a +0 pair of boots (worn)
Jewellery
 b - a ring of fire
 o - the ring "Itudi" (left hand) {rPois rC+ MP+9}
   (You found it on level 2 of the Dungeon)

   [ring of protection from cold]

   rC:        It protects you from cold.
   rPois:     It protects you from poison.
   MP:        It affects your magic capacity (+9).
 v - a ring of protection from fire
 w - a +6 ring of strength (right hand)
 D - an amulet of regeneration (around neck)
 M - the ring "Guoneh" {+Blink rF+}
   (You found it on level 9 of the Dungeon)

   [ring of protection from fire]

   rF:        It protects you from fire.
   +Blink:    It lets you blink.
 Q - a +6 ring of dexterity
Wands
 x - a wand of light (8)
 A - a wand of iceblast (34)
 L - a wand of polymorph (9)
Scrolls
 c - 4 scrolls of blinking {unknown}
 d - 2 scrolls of silence {unknown}
 e - 13 scrolls of identify {unknown}
 i - 4 scrolls of enchant armour {unknown}
 j - 5 scrolls of torment {unknown}
 m - 2 scrolls of enchant weapon {unknown}
 s - 3 scrolls of magic mapping {unknown}
 u - 3 scrolls of immolation {unknown}
 y - a scroll of amnesia {unknown}
 z - 4 scrolls of vulnerability {unknown}
 G - a scroll of teleportation {unknown}
 H - a scroll of poison {unknown}
 I - a scroll of acquirement {unknown}
 J - 2 scrolls of butterflies {unknown}
 O - a scroll of noise {unknown}
Potions
 k - 3 potions of flight
 l - 5 potions of might {unknown}
 n - 2 potions of heal wounds
 p - 6 potions of curing
 q - a potion of attraction {unknown}
 r - a potion of berserk rage {unknown}
 t - a potion of degeneration {unknown}
 E - 4 potions of mutation {unknown}
 N - a potion of haste
 P - a potion of brilliance {unknown}
 R - a potion of cancellation {unknown}


   Skills:
 + Level 19.1 Fighting
 - Level 16.0 Axes
 - Level 2.4 Dodging
 - Level 1.5 Stealth


You had 11 spell levels left.
You didn't know any spells.
Your spell library contained the following spells:

 Spells                   Type           Power      Damage    Failure   Level
 Scorch                   Fire           0%         2d5       100%        2
 Gell's Gravitas          Tloc           0%         N/A       100%        3
 Lesser Beckoning         Tloc           0%         N/A       100%        3
 Teleport Other           Tloc           0%         N/A       100%        3
 Flame Wave               Conj/Fire      0%         2d4       100%        4
 Summon Cactus Giant      Summ           0%         N/A       100%        6


Dungeon Overview and Level Annotations

Branches:
Dungeon (10/15)            Temple (0/1) D:5            Lair (2/5) D:8
  Snake (0/4) Lair:2        Sewer (visited)
  Swamp: Lair:2-3    Shoals: Lair:2-3       Orc: D:9-12

Altars:
Kikubaaqudgha
Nemelex Xobeh
Okawaru
Qazlal
Ru
Uskayaw
The Shining One

Annotations:
D:3 exclusion: upstairs, Sigmund
D:9 1 runed translucent door, PanSaczeczos's ghost, journeyman DgCj


Message History

* * * LOW HITPOINT WARNING * * *
You block the 13-headed hydra's attack.
The 13-headed hydra bites you but does no damage.
The 13-headed hydra barely misses you.
The 13-headed hydra bites you but does no damage.
The 13-headed hydra barely misses you.
The 13-headed hydra bites you but does no damage.
The 13-headed hydra barely misses you. The 13-headed hydra bites you.
* * * LOW HITPOINT WARNING * * *
The 13-headed hydra bites you but does no damage.
Olfrun hits the 13-headed hydra with a +2 battleaxe!!
You slice one of the 13-headed hydra's heads off!
The 12-headed hydra grows two more!
You hit the 14-headed hydra.
The 14-headed hydra is heavily wounded.
The 14-headed hydra bites you but does no damage. x2
The 14-headed hydra closely misses you.
The 14-headed hydra completely misses you.
The 14-headed hydra barely misses you. The 14-headed hydra bites you.
* * * LOW HITPOINT WARNING * * *
The 14-headed hydra bites you but does no damage. x3
You block the 14-headed hydra's attack.
The 14-headed hydra bites you but does no damage. x4
You barely miss the 14-headed hydra.
The 14-headed hydra is heavily wounded.
Olfrun hits the 14-headed hydra with a +2 battleaxe!!
You chop one of the 14-headed hydra's heads off!
The 13-headed hydra grows two more!
You slash the 15-headed hydra!
The 15-headed hydra is almost dead.
The 15-headed hydra bites you but does no damage.
The 15-headed hydra bites you!
* * * LOW HITPOINT WARNING * * *
The 15-headed hydra bites you but does no damage.
The 15-headed hydra bites you!
* * * LOW HITPOINT WARNING * * *
The 15-headed hydra bites you but does no damage.
The 15-headed hydra bites you!
* * * LOW HITPOINT WARNING * * *
The 15-headed hydra bites you but does no damage. x2
The 15-headed hydra bites you.
You die...

. ..# .#..#
....# #...##
##....# ....#
#D..# ....
##@o.# ...P.
#....# P....
#....##
#...####....#
#...#.....P#
#........##
#.)....#.#
#.......##
##....####


You could see a 15-headed hydra (ally target) and the friendly Olfrun the orc
knight.

Vanquished Creatures
  A cyclops (D:9)
  2 black mambas
  2 cane toads
  A troll (D:10)
  A polar bear (Lair:2)
  10 yaks
  A warg (D:8)
  5 water moccasins
  2 black bears
  2 ice beasts
  An ogre (D:5)
  12 wolves
  A centaur (D:6)
  2 kobold brigands
  A phantom (D:6)
  Blork the orc (D:5)
  2 bullfrogs
  2 scorpions (D:5)
  A wight (D:8)
  4 killer bees (D:8)
  3 howler monkeys (D:5)
  3 orc priests
  6 hounds
  A jelly (D:6)
  A gnoll bouda (D:9)
  An iguana (D:5)
  Jessica (D:3)
  5 orc wizards
  Natasha (thrice) (D:3)
  18 gnolls
  2 river rats (Sewer)
  7 adders
  3 shadow imps
  3 white imps
  2 ufetubi (D:6)
  2 dart slugs
  3 worms
  30 orcs
  3 bats
  5 endoplasms
  7 giant cockroaches
  8 goblins
  7 hobgoblins
  16 jackals
  13 kobolds
  3 quokkas
  4 ball pythons
  3 frilled lizards
  7 rats
224 creatures vanquished.

Vanquished Creatures (collateral kills)
  2 hydras
  Harold (D:10)
  Erica (Lair:1)
  A centaur warrior (D:9)
  4 two-headed ogres
  5 death yaks (Lair:2)
  Nergalle (Lair:2)
  2 cane toads
  A kobold demonologist (D:10)
  4 komodo dragons
  A troll (D:10)
  29 yaks
  A wyvern (D:9)
  2 basilisks
  A steam dragon (D:9)
  2 wargs (D:8)
  2 water moccasins
  A black bear (Lair:1)
  A sky beast (D:8)
  2 orc warriors
  16 wolves
  An ogre (D:6)
  3 centaurs
  A kobold brigand (D:8)
  A scorpion (Lair:2)
  3 bullfrogs
  4 wights (D:8)
  4 killer bees (D:8)
  2 hounds (D:6)
  An orc priest (D:8)
  3 orc wizards
  A gnoll (D:9)
  2 white imps
  An ufetubus (D:7)
  5 orcs
  9 kobolds
121 creatures vanquished.

Vanquished Creatures (others)
  An orc knight (Lair:2)
  An orc warrior (D:9)
  3 orc priests
  An orc wizard (D:9)
  4 gnolls (D:5)
  15 orcs
  7 fungi
  17 plants
49 creatures vanquished.

Grand Total: 394 creatures vanquished

Notes
Turn   | Place    | Note
-------+----------+-------------------------------------------
     0 | D:1      | Kahsius the Hill Orc Monk began the quest for the Orb.
     0 | D:1      | Reached XP level 1. HP: 19/19 MP: 1/1
   295 | D:1      | Reached skill level 4 in Fighting
   295 | D:1      | Reached XP level 2. HP: 23/27 MP: 2/2
  1008 | D:2      | Reached XP level 3. HP: 18/34 MP: 3/3
  1193 | D:2      | Reached skill level 5 in Axes
  1316 | D:2      | Identified the +9 plate armour of the Shore {rN+}
  1460 | D:2      | Reached XP level 4. HP: 41/41 MP: 4/4
  1498 | D:2      | You fall into a shaft and drop 1 floor!
  1502 | D:3      | Noticed an ogre
  1675 | D:2      | Identified the ring "Itudi" {rPois rC+ MP+9}
  1813 | D:2      | Reached skill level 5 in Fighting
  2466 | D:3      | Noticed Natasha
  2476 | D:3      | Killed Natasha
  2477 | D:3      | Reached XP level 5. HP: 44/48 MP: 5/5
  2505 | D:3      | Noticed Jessica
  2520 | D:3      | Killed Jessica
  2571 | D:3      | Noticed Natasha
  2576 | D:3      | Killed Natasha
  2639 | D:3      | Noticed Natasha
  2643 | D:3      | Noticed Sigmund
  2650 | D:3      | Killed Natasha
  2929 | D:4      | Reached skill level 6 in Fighting
  2964 | D:4      | Reached XP level 6. HP: 53/57 MP: 6/6
  3017 | D:4      | Found a glowing drain.
  3048 | Sewer    | Entered a sewer
  3628 | Sewer    | Found a glowing silver altar of Zin.
  3997 | D:4      | Found a sacrificial altar of Ru.
  3997 | D:4      | Found an iron altar of Okawaru.
  3997 | D:4      | Found a hide-covered altar of Uskayaw.
  4035 | D:4      | Found a sparkling altar of Nemelex Xobeh.
  4099 | D:5      | Entered Level 5 of the Dungeon
  4099 | D:5      | Noticed Blork the orc
  4105 | D:5      | Killed Blork the orc
  4160 | D:5      | Reached XP level 7. HP: 64/64 MP: 7/7
  4162 | D:5      | Reached skill level 7 in Fighting
  4544 | D:5      | Reached skill level 8 in Fighting
  4835 | D:5      | Reached XP level 8. HP: 61/74 MP: 8/8
  5133 | D:5      | Became a worshipper of Beogh the Brigand
  5133 | D:5      | Reached * piety under Beogh
  5133 | D:5      | Reached ** piety under Beogh
  5712 | D:5      | Reached skill level 9 in Fighting
  5800 | D:5      | Found a staircase to the Ecumenical Temple.
  5955 | D:5      | Reached skill level 10 in Axes
  6238 | D:6      | Reached *** piety under Beogh
  6422 | D:6      | Reached skill level 10 in Fighting
  6583 | D:6      | Reached XP level 9. HP: 78/85 MP: 9/9
  6649 | D:6      | Found an ancient bone altar of Kikubaaqudgha.
  7441 | D:7      | Reached skill level 11 in Fighting
  8196 | D:8      | Found a staircase to the Lair.
  8335 | D:8      | Found a stormy altar of Qazlal.
  8373 | D:8      | Reached skill level 12 in Fighting
  8408 | D:8      | Reached XP level 10. HP: 97/97 MP: 10/10
  8819 | D:8      | Reached **** piety under Beogh
  8987 | D:9      | Noticed a two-headed ogre
  8995 | D:9      | Killed a two-headed ogre
  9091 | D:9      | Noticed a cyclops
  9101 | D:9      | Killed a cyclops
  9134 | D:9      | Noticed a two-headed ogre
  9141 | D:9      | Killed a two-headed ogre
  9210 | D:9      | Noticed a centaur warrior
  9221 | D:9      | Killed a centaur warrior
  9222 | D:9      | Reached skill level 13 in Fighting
  9349 | D:9      | Found a runed translucent door.
  9468 | D:9      | Found a glowing golden altar of the Shining One.
  9535 | D:9      | Identified the ring "Guoneh" {+Blink rF+}
  9872 | D:9      | Noticed PanSaczeczos's ghost (journeyman DgCj)
  9895 | D:10     | Entered Level 10 of the Dungeon
  9997 | D:10     | Noticed a two-headed ogre
 10004 | D:10     | Killed a two-headed ogre
 10005 | D:10     | Reached skill level 15 in Axes
 10099 | D:10     | Noticed a two-headed ogre
 10108 | D:10     | Reached skill level 14 in Fighting
 10117 | D:10     | Reached XP level 11. HP: 42/110 MP: 11/11
 10117 | D:10     | Killed a two-headed ogre
 10227 | D:10     | Gained Wardok as an ally
 10355 | D:10     | Noticed Harold
 10362 | D:10     | Reached ***** piety under Beogh
 10367 | D:10     | Killed Harold
 10602 | Lair:1   | Entered Level 1 of the Lair of Beasts
 10812 | Lair:1   | Reached skill level 15 in Fighting
 11008 | Lair:1   | Noticed a five-headed hydra
 11012 | Lair:1   | Noticed Erica
 11034 | Lair:1   | Killed a ten-headed hydra
 11035 | Lair:1   | Reached skill level 16 in Fighting
 11037 | Lair:1   | Killed Erica
 11250 | Lair:1   | Identified the +1 leather armour of Autumn {rC+ Dex+3}
 11586 | Lair:2   | Noticed an eight-headed hydra
 11592 | Lair:2   | Reached skill level 17 in Fighting
 11595 | Lair:2   | Killed a ten-headed hydra
 11597 | Lair:2   | Reached XP level 12. HP: 96/125 MP: 12/12
 11682 | Lair:2   | Noticed Nergalle
 11699 | Lair:2   | Killed Nergalle
 11699 | Lair:2   | Gained Olfrun as an ally
 11751 | Lair:2   | Reached skill level 18 in Fighting
 11754 | Lair:2   | Noticed a death yak
 11758 | Lair:2   | Noticed a death yak
 11759 | Lair:2   | Noticed a death yak
 11761 | Lair:2   | Killed a death yak
 11761 | Lair:2   | Noticed a death yak
 11764 | Lair:2   | Killed a death yak
 11765 | Lair:2   | Noticed a death yak
 11768 | Lair:2   | Killed a death yak
 11775 | Lair:2   | Killed a death yak
 11778 | Lair:2   | Your ally Wardok died
 11778 | Lair:2   | Killed a death yak
 12030 | Lair:2   | Found a staircase to the Snake Pit.
 12038 | Lair:2   | Reached skill level 19 in Fighting
 12111 | Lair:2   | Noticed a six-headed hydra
 12128 | Lair:2   | HP: 1/130 [15-headed hydra (9)]
 12128 | Lair:2   | Slain by a 15-headed hydra

Illustrated notes

Levels and vault maps discovered:
D:1:      saegor_arrival_fortress, layout_basic, solitary_fountain
D:2:      layout_basic, chequers_arboretum, minmay_misc_feat_five
D:3:      layout_basic, shapermc_ecumenical_altar_mp_vishouse, serial_aquarium,
          aquarium_bridge_square [aquarium_subvault_bridge,
          aquarium_subvault_bridge, aquarium_subvault_window,
          aquarium_subvault_bridge], aquarium_bridge_square
          [aquarium_subvault_bridge, aquarium_subvault_wall,
          aquarium_subvault_bridge, aquarium_subvault_bridge],
          aquarium_window_2, aquarium_window_fake, aquarium_window_1,
          aquarium_view_2f, lightli_corner_chamber, uniq_sigmund, uniq_jessica,
          uniq_natasha
D:4:      layout_basic, mainiacjoe_overflow_paths,
          gammafunk_temple_overflow_claw, portal_sewer_entry_f
D:5:      lemuel_castle_with_subvaults [lemuel_castle_interior_carwin_1],
          layout_cave_pods, minmay_temple_entry_glassed_door, serial_glass,
          glass_columns_c, glass_columns_a, glass_columns_b, glass_columns_a,
          glass_columns_a, glass_columns_c, glass_columns_b, glass_columns_c,
          uniq_blork_the_orc
D:6:      layout_basic, nicolae_kikubaaqudgha_miasma_corner, solitary_fountain
D:7:      layout_basic
D:8:      layout_loops_corners, lemuel_crystal_altar, erik_lair_orcish_takeover,
          chequers_serial_rivers_micro_b, eino_jars
D:9:      layout_cave_pods, tso_metal_star, ebering_ghost_reflecting_pool,
          statue_in_the_mist_lemuel
D:10:     layout_cave_pools, uniq_harold
Lair:1:   layout_chaotic_city, grunt_forest_large_clearings, uniq_erica
Lair:2:   layout_concentric_octagons, dummy_snake_entry, serial_bayou_shore_b,
          lemuel_fruit_tree, grunt_megastairs_4, lemuel_fruit_fields,
          infiniplex_staircase_pool, uniq_nergalle

Skill      XL: |  1  2  3  4  5  6  7  8  9 10 11 12 |
---------------+-------------------------------------+-----
Fighting       | 4 5 6 8 10 12 14 17 19 | 19.1
Axes           | 5 6 7 9 11 13 15 16 | 16.0
Dodging        | |  2.4
Stealth        | |  1.5

Action                   |  1- 3 |  4- 6 |  7- 9 | 10-12 || total
-------------------------+-------+-------+-------+-------++-------
Melee: Hand axe          |    97 |    27 |    54 |   384 ||   562
       War axe           |       |   216 |   301 |       ||   517
       Punch             |       |       |     2 |       ||     2
Throw: Dart              |     2 |       |       |       ||     2
Invok: Convert to Beogh  |       |       |     1 |       ||     1
       Smiting           |       |       |       |     1 ||     1
       Give Item to Name |       |       |       |     1 ||     1
  Use: Potion            |     1 |     6 |     2 |     1 ||    10
 Stab: Sleeping          |     1 |       |       |       ||     1
       Distracted        |       |       |     2 |     7 ||     9
Armor: Robe              |    18 |       |       |       ||    18
       Plate armour      |     7 |   180 |   266 |   341 ||   794
       Skin              |       |    12 |    11 |       ||    23
Dodge: Dodged            |    45 |    54 |   106 |   139 ||   344
Block: Buckler           |       |       |    23 |    73 ||    96
